 Dungeon Crawl Stone Soup version 0.20.0-15-g7f486f2 (webtiles) character file.

16692 KleinerIrrer the Severer (level 12, -3/82 HPs)
             Began as a Formicid Fighter on June 30, 2017.
             Was a High Priest of Cheibriados.
             Slain by a porcupine (5 damage)
             ... on level 3 of the Lair of Beasts.
             The game lasted 00:31:15 (12663 turns).

KleinerIrrer the Severer (Formicid Fighter)        Turns: 12663, Time: 00:31:16

Health: -3/82      AC: 17    Str: 40    XL:     12   Next: 73%
Magic:  12/12      EV:  2    Int: 22    God:    Cheibriados [*****.]
Gold:   558        SH:  0    Dex: 24    Spells: 11/11 levels left

rFire    . . .     SeeInvis +   a - +1 war axe
rCold    . . .     Gourm    .   c - +0 shield
rNeg     + + +     Faith    .   B - +1 ring mail {rPois}
rPois    ∞         Spirit   .   (helmet unavailable)
rElec    .         Reflect  +   s - +2 cloak
rCorr    .         Harm     .   C - +0 pair of gloves
MR       +....                  t - +0 pair of boots
Stlth    +++.......             N - +4 amulet of reflection
Regen    0.3/turn               P - ring of the First Runes {rPois AC+3 Stlth+}
MPRegen  0.2/turn               n - ring of stealth

@: petrified, held, very slow
A: permanent stasis, dig shafts and tunnels, four strong arms, antennae 3
a: Dig, Shaft Self, Bend Time, Temporal Distortion, Slouch, Step From Time,
Renounce Religion


You were on level 3 of the Lair of Beasts.
You worshipped Cheibriados.
Cheibriados was extremely pleased with you.
You were not hungry.

You visited 2 branches of the dungeon, and saw 12 of its levels.
You also visited: Sewer and Ossuary.

You collected 558 gold pieces.

Inventory:

Hand Weapons
 a - a +1 war axe (weapon)
Armour
 c - a +0 shield (worn)
 s - a +2 cloak (worn)
 t - a +0 pair of boots (worn)
 z - a +1 leather armour of cold resistance
 B - a +1 ring mail of poison resistance (worn)
 C - a +0 pair of gloves (worn)
Jewellery
 n - a ring of stealth (right hand)
 p - an uncursed ring of fire
 F - an uncursed ring of poison resistance
 N - a +4 amulet of reflection (around neck)
 O - an uncursed ring of fire
 P - the ring of the First Runes (left hand) {rPois AC+3 Stlth+}
   (You found it on level 7 of the Dungeon)

   [ring of protection]

   It affects your AC (+3).
   It protects you from poison.
   It makes you more stealthy.
Wands
 r - a wand of iceblast (4/15)
 v - a wand of paralysis (11/24)
 w - a wand of polymorph (4/24)
 x - a wand of acid (12/15)
 A - a wand of confusion (4/48)
 K - a wand of digging (8/24)
 M - a wand of acid (1/15)
 R - a wand of enslavement (11/24)
Scrolls
 b - a scroll of recharging
 e - 10 scrolls of remove curse
 g - a scroll of blinking {unknown}
 i - a scroll of magic mapping
 l - 3 scrolls of fear {unknown}
 o - 5 scrolls of amnesia
 q - 5 scrolls of identify
 D - a scroll of enchant armour {unknown}
 E - 2 scrolls of random uselessness {unknown}
 J - 2 scrolls of holy word {unknown}
 L - a scroll of vulnerability {unknown}
 Q - 2 scrolls of enchant weapon
Potions
 d - 2 potions of brilliance
 u - 9 potions of curing
 G - 4 potions of flight
 I - a potion of cancellation
 S - 2 potions of lignification
Books
 y - a book of Conjurations

   Spells                             Type                      Level
   a - Magic Dart                     Conjuration                  1
   b - Searing Ray                    Conjuration                  2
   c - Dazzling Spray                 Conjuration/Hexes            3
   d - Fulminant Prism                Conjuration/Hexes            4
   e - Force Lance                    Conjuration/Translocation    4
   f - Iskenderun's Mystic Blast      Conjuration                  4
Miscellaneous
 m - a phantom mirror
Comestibles
 f - 6 bread rations
 h - 6 fruits
 j - 12 royal jellies
 k - 9 meat rations


   Skills:
 - Level 3.6 Fighting
 - Level 16.2 Axes
   Level 3.9 Staves
 - Level 10.0 Armour
 - Level 0.1 Dodging
 + Level 5.5 Shields
 - Level 0.4 Evocations


You had 11 spell levels left.
You didn't know any spells.

Dungeon Overview and Level Annotations

Branches:
Dungeon (9/15)             Temple (0/1) D:7            Lair (3/6) D:9
 Shoals (0/4) Lair:2        Snake (0/4) Lair:3
    Orc: D:9-12

Altars:
Cheibriados
Elyvilon
Hepliaklqana
Kikubaaqudgha
Makhleb
Nemelex Xobeh
Okawaru
Qazlal
Ru
Trog
Xom
The Shining One

Annotations:
Lair:3 Harold


Innate Abilities, Weirdness & Mutations

You cannot be hasted, slowed, berserked, paralysed or teleported.
You can dig through walls and to a lower floor.
Your four strong arms can wield two-handed weapons with a shield.
You have a pair of large antennae on your head. (SInv)


Message History

The porcupine bites you but does no damage.
Harold hits you with a dire flail!
* * * LOW HITPOINT WARNING * * *
The basilisk bites you but does no damage.
The porcupine bites you.
* * * LOW HITPOINT WARNING * * *
The basilisk bites you.
The porcupine bites you but does no damage.
Harold hits you with a dire flail!
* * * LOW HITPOINT WARNING * * *
The porcupine bites you.
* * * LOW HITPOINT WARNING * * *
The basilisk bites you.
* * * LOW HITPOINT WARNING * * *
Harold hits you with a dire flail.
* * * LOW HITPOINT WARNING * * *
The porcupine bites you but does no damage.
The basilisk bites you but does no damage.
Harold hits you but does no damage. The porcupine bites you!
You die...

.##
#.......⌠.#...........######
##
#...........#............##.
#....#⌠.>.⌠#.......####.....
#....#.............P# ##....
##...##....###.....## #.#...
{ #...###.### ##....#
##..... {{
#####.....#####.#..##......
#...⌠....# ###...#......
#.......@.# #.>÷.......
#..⌠..<.rl@...##..........
..........?...########.##..
.......⌠.......# #####.
................# ####
⌠....$...#..⌠..# #####.#.
.....⌠..##.....# #.......
#...... .....# #.......
##......


You could see Harold, a basilisk and a porcupine.

Vanquished Creatures
  Gastronok (Lair:2)
  3 two-headed ogres
  An unseen horror (D:8)
  The ghost of loom the Thaumaturge, a novice DECj of Vehumet (D:8)
  Joseph (D:7)
  A merfolk siren (Lair:2)
  4 spiny frogs
  A guardian serpent (Lair:3)
  A komodo dragon (D:9)
  A hippogriff (Lair:2)
  A human (D:8)
  3 hogs (D:8)
  25 yaks
  A hungry ghost (D:9)
  5 water moccasins
  Duvessa (D:7)
  6 porcupines
  An orc warrior (D:8)
  2 ice beasts
  A sky beast (D:9)
  A phantom (D:5)
  9 ogres
  2 centaurs
  2 big kobolds (Sewer)
  6 crocodiles
  An elf zombie (Ossuary)
  6 bullfrogs
  Dowan (D:7)
  A scorpion (D:7)
  A howler monkey (D:8)
  2 bullfrog zombies
  6 crimson imps
  2 centaur zombies (Ossuary)
  A quasit (D:7)
  4 hounds
  2 bullfrog skeletons
  A jelly (D:8)
  3 orc priests
  Crazy Yiuf (D:3)
  Ijyb (D:4)
  4 iguanas
  5 orc wizards
  6 worker ants
  A killer bee zombie (D:5)
  A big kobold zombie (Ossuary)
  A hound zombie (D:9)
  2 mummies (Ossuary)
  18 adders
  3 gnolls (D:5)
  3 shadow imps
  5 oozes
  3 adder zombies (Ossuary)
  7 worms
  5 dart slugs
  9 leopard geckos
  22 orcs
  8 giant cockroaches
  4 goblins
  9 hobgoblins
  12 jackals
  3 quokkas
  7 ball pythons
  8 bats
  8 frilled lizards
  A goblin zombie (Ossuary)
  8 hobgoblin zombies (Ossuary)
  12 kobolds
  7 kobold zombies (Ossuary)
  11 orc zombies (Ossuary)
  A quokka skeleton (D:3)
  17 rats
  3 rat zombies (Ossuary)
  A fungus (Lair:2)
  6 plants (D:9)
335 creatures vanquished.

Vanquished Creatures (others)
  An orc (D:5)
  A plant (D:9)
2 creatures vanquished.

Grand Total: 337 creatures vanquished

Notes
Turn   | Place    | Note
-------+----------+-------------------------------------------
     0 | D:1      | KleinerIrrer the Formicid Fighter began the quest for the Orb.
     0 | D:1      | Reached XP level 1. HP: 18/18 MP: 1/1
   260 | D:1      | Reached XP level 2. HP: 15/24 MP: 2/2
   597 | D:1      | Reached XP level 3. HP: 29/29 MP: 3/3
   814 | D:2      | Found a bloodstained altar of Trog.
   859 | D:2      | Reached XP level 4. HP: 30/36 MP: 4/4
   888 | D:2      | Reached skill level 3 in Axes
  1611 | D:3      | Found a glowing drain.
  1617 | D:3      | Reached XP level 5. HP: 40/41 MP: 5/5
  1628 | Sewer    | Entered a sewer
  1665 | Sewer    | Reached skill level 4 in Axes
  1927 | Sewer    | Noticed a big kobold
  1944 | Sewer    | Killed a big kobold
  1944 | Sewer    | Reached skill level 5 in Axes
  1944 | Sewer    | Reached XP level 6. HP: 25/47 MP: 6/6
  2427 | D:3      | Reached skill level 6 in Axes
  2450 | D:3      | Found a runed door.
  2454 | D:3      | Noticed Crazy Yiuf
  2463 | D:3      | Killed Crazy Yiuf
  2463 | D:3      | Reached XP level 7. HP: 39/52 MP: 7/7
  2611 | D:3      | Found a snail-covered altar of Cheibriados.
  2898 | D:3      | Found a faded altar of an unknown god.
  3223 | D:4      | Reached skill level 5 in Armour
  3577 | D:4      | Noticed Ijyb
  3601 | D:4      | Killed Ijyb
  3971 | D:5      | Entered Level 5 of the Dungeon
  4011 | D:5      | Reached skill level 1 in Staves
  4031 | D:5      | Got an ancient iron ring
  4160 | D:5      | Reached XP level 8. HP: 54/59 MP: 8/8
  4272 | D:3      | Became a worshipper of Cheibriados the Contemplative
  4852 | D:5      | Reached * piety under Cheibriados
  4855 | D:5      | Reached skill level 7 in Axes
  4903 | D:5      | Found an ancient bone altar of Kikubaaqudgha.
  5519 | D:6      | Found a sand-covered staircase.
  5523 | Ossuary  | Entered an ossuary
  5555 | Ossuary  | Reached ** piety under Cheibriados
  5645 | Ossuary  | Reached skill level 8 in Axes
  5758 | Ossuary  | Reached XP level 9. HP: 56/64 MP: 9/9
  5792 | D:6      | Reached skill level 9 in Axes
  5815 | D:6      | Reached *** piety under Cheibriados
  5823 | D:6      | Found a burning altar of Makhleb.
  5938 | D:6      | Identified the ring "Ypnugod" {rC- Str+2 SInv Stlth+} (You found it on level 5 of the Dungeon)
  6258 | D:6      | Found a burning altar of Makhleb.
  6452 | D:7      | Found a sparkling altar of Nemelex Xobeh.
  6456 | D:7      | Noticed Dowan
  6469 | D:7      | Killed Dowan
  6480 | D:7      | Noticed Duvessa
  6518 | D:7      | Killed Duvessa
  6518 | D:7      | Reached skill level 10 in Axes
  6791 | D:7      | Found a hazy altar of Hepliaklqana.
  6847 | D:7      | Found a staircase to the Ecumenical Temple.
  7282 | D:7      | Noticed Joseph
  7297 | D:7      | Killed Joseph
  7297 | D:7      | Reached skill level 11 in Axes
  7297 | D:7      | Reached XP level 10. HP: 61/70 MP: 10/10
  7483 | D:7      | Got a crude copper ring
  7737 | D:8      | Reached **** piety under Cheibriados
  7744 | D:8      | Reached skill level 12 in Axes
  7790 | D:8      | Found an iron altar of Okawaru.
  7794 | D:8      | Noticed loom's ghost (novice DECj)
  7835 | D:8      | Killed loom's ghost
  7835 | D:8      | Reached skill level 13 in Axes
  8016 | D:8      | Noticed a two-headed ogre
  8029 | D:8      | Killed a two-headed ogre
  8198 | D:8      | Found a white marble altar of Elyvilon.
  8199 | D:8      | Found a stormy altar of Qazlal.
  8199 | D:8      | Found a glowing golden altar of the Shining One.
  8200 | D:8      | Found a shimmering altar of Xom.
  8207 | D:8      | Found a sacrificial altar of Ru.
  8253 | D:8      | Noticed an unseen horror
  8273 | D:8      | Killed an unseen horror
  8273 | D:8      | Reached XP level 11. HP: 75/75 MP: 11/11
  8286 | D:8      | Reached skill level 14 in Axes
  8877 | D:9      | Noticed a two-headed ogre
  8881 | D:9      | Reached ***** piety under Cheibriados
  8887 | D:9      | Killed a two-headed ogre
  9088 | D:9      | Noticed a two-headed ogre
  9100 | D:9      | Killed a two-headed ogre
  9100 | D:9      | Reached skill level 15 in Axes
  9606 | D:9      | Found a staircase to the Lair.
 10022 | Lair:1   | Entered Level 1 of the Lair of Beasts
 11177 | Lair:2   | Reached skill level 16 in Axes
 11182 | Lair:2   | Reached XP level 12. HP: 82/82 MP: 12/12
 11387 | Lair:2   | Noticed Gastronok
 11406 | Lair:2   | Killed Gastronok
 11502 | Lair:2   | Identified the ring of the First Runes {rPois AC+3 Stlth+} (You found it on level 7 of the Dungeon)
 11641 | Lair:2   | Found a staircase to the Shoals.
 12072 | Lair:3   | Reached skill level 10 in Armour
 12279 | Lair:3   | Found a staircase to the Snake Pit.
 12285 | Lair:3   | Reached skill level 5 in Shields
 12639 | Lair:3   | Noticed Harold
 12661 | Lair:3   | HP: 2/82 [Harold/dire flail (3)]
 12663 | Lair:3   | Slain by a porcupine

Skill      XL: |  1  2  3  4  5  6  7  8  9 10 11 12 |
---------------+-------------------------------------+-----
Shields        | 4 5 |  5.5
Axes           | 3 5 6 8 11 13 16 | 16.2
Armour         | 4 5 10 | 10.0
Staves         | 2 3 |  3.9
Fighting       | |  3.6
Dodging        | |  0.1
Evocations     | |  0.4

Action                   |  1- 3 |  4- 6 |  7- 9 | 10-12 || total
-------------------------+-------+-------+-------+-------++-------
Melee: War axe           |    80 |   239 |   335 |   438 ||  1092
       Quarterstaff      |       |       |    87 |       ||    87
       Unarmed           |       |       |     4 |       ||     4
Evoke: Wand              |       |       |     2 |       ||     2
  Use: Scroll            |       |    10 |     7 |     3 ||    20
       Potion            |       |     2 |     1 |     4 ||     7
 Stab: Sleeping          |       |       |     2 |    11 ||    13
       Distracted        |       |       |       |     1 ||     1
  Eat: Chunk             |       |     6 |    12 |     7 ||    25
       Bread ration      |       |       |       |     1 ||     1
Armor: Scale mail        |    37 |    80 |    33 |       ||   150
       Ring mail         |       |       |   143 |   109 ||   252
       Skin              |       |       |     1 |       ||     1
Dodge: Dodged            |    27 |    73 |   141 |    84 ||   325
Block: Shield            |    39 |   106 |   229 |   263 ||   637
       Reflection        |       |       |     2 |     6 ||     8
